 Dungeon Crawl Stone Soup version 0.22.0-21-g8bd1b0a (console) character file.

16 removed the Shooter (level 2, 10/18 HPs)
             Began as an Octopode Arcane Marksman on Aug 19, 2018.
             Was a Follower of Wu Jian.
             Quit the game on level 2 of the Dungeon.
             The game lasted 00:02:18 (732 turns).

removed the Shooter (Octopode Arcane Marksman)       Turns: 732, Time: 00:02:19

Health: 10/18      AC:  1    Str:  9    XL:     2   Next: 58%
Magic:  2/3        EV: 13    Int: 15    God:    Wu Jian [*.....]
Gold:   80         SH:  0    Dex: 12    Spells: 2/3 levels left

rFire    . . .     SeeInvis .   a - +0 shortbow
rCold    . . .     Gourm    .   (shield currently unavailable)
rNeg     . . .     Faith    .   (helmet restricted)
rPois    .         Spirit   .   (no amulet)
rElec    .         Reflect  .   g - ring of stealth
rCorr    .         Harm     .   (no ring)
MR       .....                  (no ring)
Stlth    +++.......             (no ring)
HPRegen  0.06/turn              (no ring)
MPRegen  0.08/turn              (no ring)
                                (no ring)
                                (no ring)

@: no status effects
A: almost no armour, stealthy swim, amphibious, 8 rings, constrict 8, camouflage
1, gelatinous body 1
a: Renounce Religion


You were on level 2 of the Dungeon.
You worshipped Wu Jian.
Wu Jian was aware of your devotion.
You were not hungry.

You visited 1 branch of the dungeon, and saw 2 of its levels.

You collected 80 gold pieces.

Inventory:

Hand Weapons
 a - a +0 shortbow (weapon)
 b - a +0 spear
 j - a +0 dagger of speed
Missiles
 c - 12 arrows (quivered)
Jewellery
 g - a ring of stealth (left tentacle)
Scrolls
 e - a scroll of teleportation {unknown}
 f - 2 scrolls of enchant weapon {unknown}
 h - a scroll of fog {unknown}
 i - a scroll of immolation {unknown}
Comestibles
 d - 4 rations
 k - 2 chunks of flesh


   Skills:
 - Level 1.0 Fighting
 + Level 3.1 Bows
 - Level 2.0 Dodging
 - Level 1.0 Spellcasting
 - Level 3.0 Hexes


You had 2 spell levels left.
You knew the following spells:

 Your Spells              Type           Power        Failure   Level  Hunger
a - Corona                Hex            #......      7%          1    ##.....

Your spell library contained the following spells:

 Spells                   Type           Power        Failure   Level  Hunger
 Slow                     Hex            #.......     11%         2    ###....
 Inner Flame              Hex/Fire       #.......     36%         3    ####...
 Portal Projectile        Hex/Tloc       #.....       36%         3    ####...
 Cause Fear               Hex            #.........   56%         4    #####..
 Leda's Liquefaction      Hex/Erth       #.........   78%         4    #####..


Dungeon Overview and Level Annotations

Branches:
Dungeon (2/15)

Altars:
Wu Jian


Innate Abilities, Weirdness & Mutations

You cannot wear most types of armour.
You are very stealthy in the water. (Stealth+)
You are amphibious.
You can wear up to eight rings at the same time.
You can use your tentacles to constrict eight enemies at once.
Your skin changes colour to match your surroundings (Stealth+).
Your rubbery body absorbs attacks. (AC +1, EV +1)


Message History

The worm is severely wounded.
Firing (i - inventory)
c - 9 arrows (quivered)
Press: ? - help, Shift-Dir - straight line, f/p - worm
Aim: a worm (severely wounded)
You shoot an arrow. The arrow hits the worm!
You kill the worm!
No target in view!
c - 12 arrows (gained 4)
There is a faded altar of an unknown god, spattered with blood here.
You cannot tell which god this altar belongs to.
Convert to them anyway?
Okay, then.
Unknown command.
Press < or > to pray at altars.
You cannot tell which god this altar belongs to.
Convert to them anyway?
Wu Jian accepts your prayer! The Council welcomes you!
You can now perform damaging attacks by moving towards foes.
You can now lightly attack and pin monsters in place by moving around them.
Your magical contamination has completely faded away.
Are you sure you want to abandon this character and quit the game? (Confirm with "yes".)

# #########
.###..>....#
##.#..#..#..#
#.. ....#...
#..#.(.......
##.#@#...##...
#...#.$.......
#.#....(.##.##
......#.#(#
#######.#.((
#.####(#
#####.# ..
#.....# .#
#.##### #


There were no monsters in sight!

Vanquished Creatures
  A worm (D:2)
  3 goblins (D:1)
  2 hobgoblins (D:1)
  4 frilled lizards
  2 kobolds (D:1)
  2 rats (D:1)
14 creatures vanquished.

Notes
Turn   | Place    | Note
-------+----------+-------------------------------------------
     0 | D:1      | removed the Octopode Arcane Marksman began the quest for the Orb.
     0 | D:1      | Reached XP level 1. HP: 13/13 MP: 2/2
   273 | D:1      | Reached XP level 2. HP: 8/18 MP: 1/3
   705 | D:2      | Found a faded altar of an unknown god.
   731 | D:2      | Became a worshipper of the Wu Jian Council
   731 | D:2      | Reached * piety under Wu Jian
   732 | D:2      | Quit the game

Skill      XL: |  1  2 |
---------------+-------+-----
Bows           | 3 |  3.1
Fighting       | |  1.0
Dodging        | |  2.0
Spellcasting   | |  1.0
Hexes          | |  3.0

Action                   || total
-------------------------++-------
Melee: Spear             ||     3
 Fire: Shortbow          ||    42
 Cast: Corona            ||    11
 Stab: Sleeping          ||     2
Armor: Skin              ||     1
Dodge: Dodged            ||     2
